 Dungeon Crawl Stone Soup version 0.26.1-11-gd32895ea62 (webtiles) character file.

Game seed: 8106083007599352382

164 buriedalive the Conjurer (level 5, 0/28 HPs)
             Began as a Deep Elf Conjurer on May 26, 2021.
             Killed from afar by Patoropollo's ghost (11 damage)
             ... with a magic dart
             ... on level 3 of the Dungeon.
             The game lasted 00:05:00 (3857 turns).

buriedalive the Conjurer (Deep Elf Conjurer)        Turns: 3857, Time: 00:05:01

Health: 0/28       AC:  2    Str:  1 (4)  XL:     5   Next: 21%
Magic:  14/14      EV: 14    Int: 22 (24) God:
Gold:   104        SH:  0    Dex: 12 (13) Spells: 10/13 levels left

rFire    + . .     SeeInvis .   e - +0 short sword
rCold    . . .     Faith    .   (no shield)
rNeg     . . .     Spirit   .   a - +0 robe
rPois    .         Reflect  .   (no helmet)
rElec    .         Harm     .   (no cloak)
rCorr    .         Rampage  .   (no gloves)
Will     .....                  (no boots)
Stlth    ++........             (no amulet)
HPRegen  0.09/turn              b - ring of protection from fire
MPRegen  0.14/turn              (no ring)

@: flying
A: no striking features
a: no special abilities


You were on level 3 of the Dungeon.
You visited 1 branch of the dungeon, and saw 3 of its levels.

You collected 104 gold pieces.

Inventory:

Hand Weapons
 e - a +0 short sword (weapon)
Missiles
 c - 7 boomerangs
 g - 249 stones
 o - 3 poisoned darts
Armour
 a - a +0 robe (worn)
Jewellery
 b - a ring of protection from fire (left hand)
 j - an uncursed ring of ice {unknown}
Scrolls
 d - a scroll of remove curse {unknown}
 f - 2 scrolls of fear {unknown}
 h - a scroll of enchant weapon {unknown}
 l - 2 scrolls of amnesia {unknown}
 n - a scroll of immolation {unknown}
 p - a scroll of blinking {unknown}
 r - a scroll of fog {unknown}
 s - a scroll of identify {unknown}
 t - a scroll of noise {unknown}
Potions
 i - a potion of magic
 m - a potion of degeneration
 q - a potion of brilliance {unknown}


   Skills:
 + Level 4.3 Dodging
 - Level 2.4 Stealth
 + Level 4.9 Spellcasting
 + Level 5.4 Conjurations


You had 10 spell levels left.
You knew the following spells:

 Your Spells              Type           Power        Failure   Level
a - Magic Dart            Conj           100%         1%          1
b - Searing Ray           Conj           58%          1%          2

Your spell library contained the following spells:

 Spells                   Type           Power        Failure   Level
 Dazzling Flash           Conj/Hex       34%          10%         3
 Fulminant Prism          Conj/Hex       8%           32%         4
 Iskenderun's Mystic Bla  Conj/Tloc      17%          32%         4


Dungeon Overview and Level Annotations

Branches:
Dungeon (3/15)

Altars:
Trog

Annotations:
D:3 Patoropollo's ghost, amateur DECj


Message History

You start resting.
Magic restored.
You see here 22 arrows.
Patoropollo's ghost turns its malevolent gaze towards you.
Patoropollo's ghost says, "You will never get the ORB!"
You open the door.
Patoropollo's ghost casts a spell at you.
The magic dart hits you!
It was a potion of magic.
Magic courses through your body.
Patoropollo's ghost gestures at you while chanting.
The magic dart hits you!
It was a potion of flight.
You feel very buoyant.
You fly up into the air.
Patoropollo's ghost barely misses you.
It was a potion of degeneration.
There was something very wrong with that liquid.
You feel weakened.
You feel dopey.
You feel clumsy.
Patoropollo's ghost gestures at you while chanting.
The magic dart hits you!
You die...

##.####...........#
...#♣.##.#.#.####.#
##.♣..##.#.#)# #.#
#♣...[##.#.#.# #.#
.♣....P#.#.#.# #.#
...≈≈....#.#.# #.#
.≈≈≈≈♣.###.#.# #.#
.≈≈≈♣♣.##....####.#
≈♣≈≈♣..##......W@.#
≈≈≈♣≈..#######.####
≈≈♣≈..P(.#..#..#
♣.≈♣.P.#.#8?'..#
....P..#.#..#.##
.P...#...######
.....).......#
...###.......#
########...###


You could see Patoropollo's ghost.

Vanquished Creatures
  A hound (D:3)
  5 adders
  2 worms
  4 dart slugs
  5 leopard geckos
  3 orcs (D:3)
  6 giant cockroaches
  10 goblins
  7 hobgoblins
  4 jackals
  6 kobolds
  A quokka (D:3)
  A ball python (D:2)
  A bat (D:1)
  6 frilled lizards
  3 rats
65 creatures vanquished.

Vanquished Creatures (others)
  45 plants
  2 withered plants (D:3)
47 creatures vanquished.

Grand Total: 112 creatures vanquished

Notes
Turn   | Place    | Note
-------+----------+-------------------------------------------
     0 | D:1      | buriedalive the Deep Elf Conjurer began the quest for the
                  | Orb.
     0 | D:1      | Reached XP level 1. HP: 10/10 MP: 6/6
   204 | D:1      | Reached XP level 2. HP: 15/15 MP: 2/8
  1019 | D:1      | Learned a level 2 spell: Searing Ray
  1087 | D:1      | Reached XP level 3. HP: 19/19 MP: 7/10
  1834 | D:2      | Reached skill level 5 in Conjurations
  1947 | D:2      | Found a faded altar of an unknown god.
  1983 | D:2      | Reached XP level 4. HP: 24/24 MP: 7/12
  2183 | D:2      | Found a bloodstained altar of Trog.
  3497 | D:3      | Found a runed translucent door.
  3498 | D:3      | Noticed Patoropollo's ghost (amateur DECj)
  3649 | D:3      | Reached XP level 5. HP: 28/28 MP: 9/14
  3857 | D:3      | Killed from afar by Patoropollo's ghost

Illustrated notes

Levels and vault maps discovered:
D:1:      roderic_crop_circles_arrival_small, layout_loops_cross,
          corexii_item_surrounded_by_moat
D:2:      layout_loops_ring, chequers_ecumenical_altar_island,
          trog_hazing_becter
D:3:      layout_loops_ring, gammafunk_ghost_grave, serial_bayou,
          serial_bayou_pond_a, serial_bayou_shore_a, serial_bayou_lagoon_a,
          serial_bayou_pond_e, serial_bayou_pond_b

Skill      XL: |  1  2  3  4 |
---------------+-------------+-----
Dodging        | 3 4 |  4.3
Spellcasting   | 4 |  4.9
Conjurations   | 5 |  5.4
Stealth        | |  2.4

Action                   |  1- 3 |  4- 6 || total
-------------------------+-------+-------++-------
Melee: Unarmed           |     1 |       ||     1
       Short sword       |    52 |    23 ||    75
 Cast: Magic Dart        |    34 |    14 ||    48
       Searing Ray       |     6 |    18 ||    24
  Use: Potion            |       |     3 ||     3
 Stab: Sleeping          |       |     1 ||     1
Armor: Robe              |    19 |       ||    19
Dodge: Dodged            |    45 |    30 ||    75
